 Dungeon Crawl Stone Soup version 0.19.4-9-g45fd643 (webtiles) character file.

5991 Morrissey the Martial Artist (level 10, -12/71 HPs)
             Began as an Octopode Transmuter on Feb 21, 2017.
             Was a Priest of Cheibriados.
             Killed from afar by an electric eel (13 damage)
             ... with a bolt of electricity
             ... on level 8 of the Dungeon.
             The game lasted 00:26:15 (10969 turns).

Morrissey the Martial Artist (Octopode Transmuter) Turns: 10969, Time: 00:26:15

Health: -12/71     AC:  1    Str: 16    XL:     10   Next: 85%
Magic:  14/14      EV: 20    Int: 23    God:    Cheibriados [***...]
Gold:   300        SH:  0    Dex: 23    Spells: 4 memorised, 1 level left

rFire  . . .     SeeInvis .       - Unarmed
rCold  . . .     Gourm    +     (no shield)
rNeg   . . .     Faith    .     (helmet restricted)
rPois  +         Spirit   .     i - amulet of the gourmand
rElec  .         Reflect  .     d - ring of poison resistance
rCorr  +         Harm     .     h - ring of resist corrosion
MR     .....     Rnd*Tele +     l - ring of wizardry
Stlth  ++++......               z - ring of teleportation (curse)
                                (no ring)
                                (no ring)
                                (no ring)
                                (no ring)

@: very slow
A: almost no armour, stealthy swim, amphibious, 8 rings, constrict 8, camouflage
2, blink, gelatinous body 1
a: Blink, Bend Time, Temporal Distortion, Renounce Religion


You were on level 8 of the Dungeon.
You worshipped Cheibriados.
Cheibriados was most pleased with you.
You were completely stuffed.

You visited 2 branches of the dungeon, and saw 9 of its levels.

You collected 300 gold pieces.

Inventory:

Hand Weapons
 b - a +0 blowgun
 p - a +2 war axe of flaming
Missiles
 a - 198 arrows
 m - 37 stones (quivered)
 D - 18 poisoned needles
Jewellery
 d - a ring of poison resistance (left tentacle)
 h - a ring of resist corrosion (right tentacle)
 i - an amulet of the gourmand (around mantle)
 l - a ring of wizardry (on tentacle)
 z - a cursed ring of teleportation (on tentacle)
Wands
 t - a wand of lightning (0/15)
 u - a wand of digging (5/24)
 x - a wand of digging (2/24)
Scrolls
 f - a scroll of fear
 g - 3 scrolls of blinking
 k - 3 scrolls of amnesia
 s - 3 scrolls of enchant armour
 v - a scroll of magic mapping
 y - a scroll of enchant weapon
 B - a scroll of fog
 F - a scroll of teleportation
Potions
 e - a potion of resistance
 j - 3 potions of mutation
 r - a potion of lignification
 w - a potion of ambrosia
 A - a potion of flight
 K - a potion of cancellation {unknown}
Books
 o - a book of Callings

   Spells                             Type                      Level
   a - Summon Small Mammal            Summoning                    1
   b - Call Imp                       Summoning                    2
   c - Call Canine Familiar           Summoning                    3
   d - Summon Guardian Golem          Hexes/Summoning              3
   e - Summon Lightning Spire         Summoning/Air                4
   f - Summon Ice Beast               Ice/Summoning                4
 q - a book of Cantrips

   Spells                             Type                      Level
   a - Confusing Touch                Hexes                        1
   b - Animate Skeleton               Necromancy                   1
   c - Summon Small Mammal            Summoning                    1
   d - Apportation                    Translocation                1
 E - a book of Changes

   Spells                             Type                      Level
   a - Beastly Appendage              Transmutation                1
   b - Sticks to Snakes               Transmutation                2
   c - Spider Form                    Transmutation/Poison         3
   d - Ice Form                       Ice/Transmutation            4
   e - Blade Hands                    Transmutation                5
Comestibles
 c - 9 bread rations
 n - 6 meat rations
 C - 8 slices of pizza
 G - 3 beef jerkies
 H - a royal jelly
 I - 4 fruits


   Skills:
 + Level 7.3 Fighting
 * Level 8.1 Dodging
 * Level 8.6 Unarmed Combat
 - Level 2.6 Spellcasting
 + Level 5.8 Transmutations
 + Level 2.8 Ice Magic
 - Level 3.5 Poison Magic
 + Level 4.9 Invocations


You had one spell level left.
You knew the following spells:

 Your Spells              Type           Power        Failure   Level  Hunger
a - Beastly Appendage     Tmut           ####..       1%          1    None
b - Spider Form           Tmut/Pois      ###.......   3%          3    ###....
c - Blade Hands           Tmut           ####......   12%         5    ######.
d - Ice Form              Ice/Tmut       ###.....     10%         4    ####...


Dungeon Overview and Level Annotations

Branches:
Dungeon (8/15)             Temple (1/1) D:5            Lair (0/6) D:8

Altars:
Ashenzari
Cheibriados
Dithmenos
Elyvilon
Fedhas
Gozag
Hepliaklqana
Kikubaaqudgha
Makhleb
Nemelex Xobeh
Okawaru
Qazlal
Ru
Sif Muna
Trog
Uskayaw
Vehumet
Xom
Yredelemnul
Zin
The Shining One

Annotations:
D:1 exclusion: downstairs
D:4 Blork the orc, Eustachio
D:8 exclusions: electric eel and 2 more exclusions


Innate Abilities, Weirdness & Mutations

You cannot wear most types of armour.
You are very stealthy in the water. (Stealth+)
You are amphibious.
You can wear up to eight rings at the same time.
You can use your tentacles to constrict eight enemies at once.
Your skin blends seamlessly with your surroundings (Stealth++).
Your rubbery body absorbs attacks. (AC +1, EV +1)
You can translocate small distances at will.


Message History

* * * LOW HITPOINT WARNING * * *
You tentacle-slap the fungus but do no damage.
You squeeze the fungus, but do no damage.
The fungus is severely damaged.
You constrict the fungus. You bludgeon the fungus!
You destroy the fungus!
The electric eel shoots out a bolt of lightning at you!
The bolt of electricity hits you!
* * * LOW HITPOINT WARNING * * *
The electric eel shoots out a bolt of lightning at you!
The bolt of electricity hits you!
* * * LOW HITPOINT WARNING * * *
The bolt of electricity hits you!
* * * LOW HITPOINT WARNING * * *
The electric eel shoots out a bolt of lightning at you!
The bolt of electricity hits you!
* * * LOW HITPOINT WARNING * * *
The bolt of electricity hits you!
You die...

######### ##.......###
##..≈≈J≈≈≈≈≈##
###########..≈≈≈;≈;≈≈≈≈#
#...........≈≈#'#≈≈###≈≈#
##.########..≈≈#@#≈≈+ #≈≈#
.#.###### #..≈≈###≈≈###≈ #
........###.#≈≈≈≈≈≈≈J≈≈≈J
.........##.#≈≈≈≈≈≈≈≈≈≈≈≈#####
.............≈≈#+#≈≈###≈≈....#
...####.###.#≈≈# ≈≈+ #≈≈.)#.##
...###...##.#≈≈###≈≈ #≈≈.....#
.......#......≈≈≈;≈≈≈≈≈≈...#..#
.#####...######≈≈≈≈≈≈≈≈...##..#


You could see a jelly and an electric eel.

Vanquished Creatures
  Pikel (D:7)
  A two-headed ogre (D:6)
  Sigmund (D:5)
  2 yaks (D:7)
  Grum (D:8)
  A human (D:7)
  2 hogs (D:7)
  A steam dragon (D:8)
  2 hell hounds (D:8)
  4 orc warriors
  3 ice beasts (D:6)
  2 sky beasts (D:7)
  3 black bears (D:8)
  3 centaurs
  2 ogres
  4 wolves (D:8)
  6 bullfrogs
  3 scorpions
  3 wights (D:7)
  2 howler monkeys
  6 crimson imps
  3 bullfrog zombies
  4 hounds
  A quasit (D:7)
  6 jellies
  A centaur zombie (D:5)
  2 orc priests
  A centaur skeleton (D:6)
  2 iguanas
  3 worker ants
  10 orc wizards
  A hound zombie (D:8)
  A worker ant zombie (D:5)
  12 adders
  6 gnolls
  A shadow imp (D:6)
  2 adder zombies
  3 worms
  4 dart slugs
  3 leopard geckos
  17 orcs
  3 ball pythons
  4 bats
  3 giant cockroaches
  5 goblins
  6 hobgoblins
  12 jackals
  3 quokkas
  5 frilled lizards
  A jackal skeleton (D:8)
  10 kobolds
  2 quokka skeletons
  6 rats
  A fungus (D:8)
197 creatures vanquished.

Vanquished Creatures (others)
  3 slaves (D:7)
  A sky beast (D:7)
  A centaur (D:7)
  A big kobold (D:7)
  An orc priest (D:7)
  2 orc wizards (D:7)
  A worker ant (D:7)
  An adder (D:8)
  An orc (D:7)
  3 kobolds (D:7)
15 creatures vanquished.

Grand Total: 212 creatures vanquished

Notes
Turn   | Place    | Note
-------+----------+-------------------------------------------
     0 | D:1      | Morrissey the Octopode Transmuter began the quest for the Orb.
     0 | D:1      | Reached XP level 1. HP: 13/13 MP: 3/3
   308 | D:1      | Reached XP level 2. HP: 15/18 MP: 5/5
  1069 | D:2      | Reached XP level 3. HP: 16/23 MP: 4/6
  1077 | D:2      | Learned a level 3 spell: Spider Form
  1170 | D:2      | Found a hazy altar of Hepliaklqana.
  1393 | D:2      | Found a white marble altar of Elyvilon.
  1403 | D:2      | Found a glowing golden altar of the Shining One.
  1669 | D:2      | Found a blossoming altar of Fedhas.
  1683 | D:2      | Reached XP level 4. HP: 20/29 MP: 5/7
  2243 | D:3      | Reached skill level 1 in Poison Magic
  2397 | D:3      | Reached XP level 5. HP: 28/35 MP: 4/8
  2494 | D:3      | Found an opulent altar of Gozag.
  3357 | D:4      | Reached XP level 6. HP: 42/42 MP: 9/9
  3367 | D:4      | Noticed Blork the orc
  3369 | D:4      | Noticed Eustachio
  3389 | D:5      | Entered Level 5 of the Dungeon
  3685 | D:5      | Found a sacrificial altar of Ru.
  3986 | D:5      | Noticed an ice beast
  4016 | D:6      | Gained mutation: You can translocate small distances at will. [potion of beneficial mutation]
  4216 | D:6      | Noticed an ice beast
  4262 | D:6      | Killed an ice beast
  4262 | D:6      | Reached XP level 7. HP: 23/47 MP: 4/10
  4593 | D:5      | Reached skill level 5 in Unarmed Combat
  4826 | D:5      | Noticed Sigmund
  4832 | D:5      | Killed Sigmund
  4846 | D:5      | Reached XP level 8. HP: 31/54 MP: 8/11
  5012 | D:5      | Found a staircase to the Ecumenical Temple.
  5090 | Temple   | Entered the Ecumenical Temple
  5166 | Temple   | Became a worshipper of Cheibriados the Contemplative
  5231 | D:5      | Reached skill level 5 in Dodging
  5267 | D:5      | Learned a level 5 spell: Blade Hands
  5484 | D:6      | Reached skill level 5 in Fighting
  5484 | D:6      | Reached skill level 1 in Invocations
  5652 | D:6      | Noticed a two-headed ogre
  5667 | D:6      | Killed a two-headed ogre
  5787 | D:6      | Reached XP level 9. HP: 41/61 MP: 9/12
  5930 | D:6      | Learned a level 4 spell: Ice Form
  5969 | D:6      | Reached * piety under Cheibriados
  6604 | D:6      | Found a stormy altar of Qazlal.
  7053 | D:7      | Gained mutation: Your skin blends seamlessly with your surroundings (Stealth++). [potion of beneficial mutation]
  7257 | D:7      | Found an ancient bone altar of Kikubaaqudgha.
  7278 | D:7      | Noticed Pikel
  7310 | D:7      | Killed Pikel
  7592 | D:7      | Reached ** piety under Cheibriados
  7599 | D:7      | Reached skill level 5 in Transmutations
  8054 | D:7      | Reached XP level 10. HP: 60/69 MP: 10/14
  8209 | D:7      | Reached skill level 1 in Ice Magic
  9160 | D:7      | Found a shattered altar of Ashenzari.
  9168 | D:7      | Found a basalt altar of Yredelemnul.
  9269 | D:8      | Found a bloodstained altar of Trog.
  9508 | D:8      | Reached *** piety under Cheibriados
 10030 | D:8      | Found a staircase to the Lair.
 10379 | D:8      | Noticed Grum
 10394 | D:8      | HP: 3/71 [Grum/spear (5)]
 10395 | D:8      | HP: 1/71 [Grum/spear (2)]
 10396 | D:8      | Killed Grum
 10969 | D:8      | HP: 1/71 [electric eel/bolt of electricity (8)]
 10969 | D:8      | Killed from afar by an electric eel

Skill      XL: |  1  2  3  4  5  6  7  8  9 10 |
---------------+-------------------------------+-----
Fighting       | 2 3 4 5 6 7 |  7.3
Poison Magic   | 1 2 3 |  3.5
Dodging        | 3 4 5 7 8 |  8.1
Unarmed Combat | 4 5 6 7 8 |  8.6
Transmutations | 3 4 5 |  5.8
Invocations    | 2 3 4 |  4.9
Ice Magic      | 2 |  2.8
Spellcasting   | |  2.6

Action                   |  1- 3 |  4- 6 |  7- 9 | 10-12 || total
-------------------------+-------+-------+-------+-------++-------
Melee: Unarmed           |    67 |   166 |   220 |   167 ||   620
       Constrict         |    18 |    28 |    21 |    19 ||    86
       Punch             |     1 |     7 |     4 |     6 ||    18
       Tentacles         |    11 |    14 |    33 |    28 ||    86
       Kick              |     8 |     7 |     4 |       ||    19
 Fire: Blowgun           |       |       |     2 |     2 ||     4
Throw: Stone             |       |       |       |     2 ||     2
 Cast: Beastly Appendage |    10 |     6 |     4 |       ||    20
       Spider Form       |       |     8 |    17 |    12 ||    37
Invok: Bend Time         |       |       |     3 |       ||     3
       Temporal Distorti |       |       |       |     1 ||     1
 Abil: End Transformatio |       |     2 |    11 |     8 ||    21
       Blink             |       |       |     1 |       ||     1
Evoke: Wand              |       |       |     6 |       ||     6
  Use: Potion            |     2 |     4 |     5 |     2 ||    13
       Scroll            |       |     7 |     5 |     4 ||    16
 Stab: Sleeping          |     4 |     8 |       |     6 ||    18
       Distracted        |       |       |     1 |       ||     1
  Eat: Chunk             |     2 |     8 |    24 |     5 ||    39
       Beef jerky        |       |     1 |     1 |       ||     2
Armor: Skin              |     1 |    16 |     6 |     5 ||    28
Dodge: Dodged            |    41 |   144 |   248 |   143 ||   576
